 Dungeon Crawl Stone Soup version 0.29.1-2-gbd0b4ee654 (webtiles) character file.

Game seed: 278717561923639049

257 warriortoast the Sneak (level 5, -6/24 HPs)
             Began as a Spriggan Enchanter on Nov 21, 2022.
             Was a Follower of Fedhas.
             Mangled by an ogre
             ... wielding a +0 giant club
              (30 damage)
             ... on level 4 of the Dungeon.
             The game lasted 00:05:31 (3538 turns).

warriortoast the Sneak (Spriggan Enchanter)         Turns: 3538, Time: 00:05:32

Health: -6/24      AC:  6    Str:  6    XL:     5   Next: 93%
Magic:  10/12      EV: 20    Int: 16    God:    Fedhas [*.....]
Gold:   118        SH:  0    Dex: 21    Spells: 4/12 levels left

rFire   x . .      SeeInvis +   a - +1 dagger
rCold   + . .      Faith    .   (no shield)
rNeg    . . .      Spirit   .   b - +0 robe
rPois   .          Reflect  .   (helmet restricted)
rElec   .          Harm     .   (no cloak)
rCorr   .          Rampage  .   (gloves unavailable)
Will    .....                   (boots unavailable)
Stlth   ++++......              (no amulet)
HPRegen 0.08/turn               h - ring of Cieczoc {rF- rC+ AC+4 Dex+5}
MPRegen 0.13/turn               l - ring of flight

@: flying, very quick
A: very small, no large weapons, unfitting armour, see invisible, speed 3
a: Renounce Religion


You were on level 4 of the Dungeon.
You worshipped Fedhas.
Fedhas was aware of your devotion.
You visited 1 branch of the dungeon, and saw 4 of its levels.

You collected 118 gold pieces.

Inventory:

Hand Weapons
 a - a +1 dagger (weapon)
 e - a +0 sling
Armour
 b - a +0 robe (worn)
 g - an orb of wrath
Jewellery
 h - the ring of Cieczoc (left hand) {rF- rC+ AC+4 Dex+5}
   (You found it on level 2 of the Dungeon)

   [ring of protection]

   AC:        It affects your AC (+4).
   Dex:       It affects your dexterity (+5).
   rF:        It makes you vulnerable to fire.
   rC:        It protects you from cold.
 l - a ring of flight (right hand)
Scrolls
 f - a scroll of vulnerability {unknown}
 j - 2 scrolls of teleportation {unknown}
 k - a scroll of immolation {unknown}
 m - a scroll of noise {unknown}
 n - a scroll of blinking {unknown}
 o - a scroll of poison {unknown}
 p - 2 scrolls of identify {unknown}
 r - 3 scrolls of magic mapping {unknown}
 u - a scroll of amnesia {unknown}
Potions
 c - 2 potions of invisibility
 d - 2 potions of curing {unknown}
 i - a potion of berserk rage {unknown}
 q - a potion of flight {unknown}
 s - a potion of cancellation {unknown}
Miscellaneous
 t - a phial of floods


   Skills:
 + Level 2.9 Short Blades
 + Level 4.4 Dodging
 + Level 6.1 Stealth
 + Level 4.1 Spellcasting
 + Level 4.8 Hexes


You had 4 spell levels left.
You knew the following spells:

 Your Spells              Type           Power      Damage    Failure   Level
a - Ensorcelled Hibernat  Hex/Ice        22%        N/A       10%         2
b - Confusing Touch       Hex            18%        N/A       7%          3
c - Tukima's Dance        Hex            18%        N/A       7%          3

Your spell library contained the following spells:

 Spells                   Type           Power      Damage    Failure   Level
 Freeze                   Ice            12%        1d4       17%         1
 Dazzling Flash           Conj/Hex       22%        N/A       19%         3
 Sublimation of Blood     Necr           3%         N/A       26%         2
 Wereblood                Tmut           3%         N/A       26%         2
 Frozen Ramparts          Ice            6%         1d1       45%         3
 Hailstorm                Conj/Ice       3%         3d3       86%         4
 Summon Hydra             Summ           1%         N/A       100%        7


Dungeon Overview and Level Annotations

Branches:
Dungeon (4/15)
 Temple: D:4-7

Altars:
Fedhas


Innate Abilities, Weirdness & Mutations

You are very small and have problems with some larger weapons.
You are too small for most types of armour.
You have supernaturally acute eyesight. (SInv)
You cover ground extremely quickly. (Speed+++)


Message History

Things that are here:
a +0 club; a +0 chain mail
There is a stone staircase leading down here.
You fly downwards.
Found a ring mail.
There is a stone staircase leading up here.
You see here a +0 ring mail.
u - a scroll labelled NERALOI JAHYMM A scorpion comes into view.
A scorpion is nearby!
A scorpion is nearby!
An ogre comes into view. It is wielding a +0 giant club.
Found 5 stones and a scroll labelled NERALOI JAHYMM.
Casting: Ensorcelled Hibernation (safe; 10% risk of failure)
Confirm with . or Enter, or press ? or * to list all spells.
Aiming: Ensorcelled Hibernation (safe; 10% risk of failure)
Press: ? - help, Shift-Dir - straight line, f - scorpion
Aim: a scorpion (chance to affect: 44%)
The scorpion looks drowsy...
The helpless scorpion fails to defend itself.
You perforate the scorpion like a sieve!!!
You kill the scorpion!
Fedhas appreciates your contribution to the ecosystem.
Your Stealth skill increases to level 6!
Your Spellcasting skill increases to level 4!
Magic restored.
You see here a scorpion corpse.
The ogre shouts!
You hear a shout! x2
An ogre comes into view. It is wielding a +0 giant club.
The ogre shouts!
Casting: Ensorcelled Hibernation (safe; 10% risk of failure)
Confirm with . or Enter, or press ? or * to list all spells.
Aiming: Ensorcelled Hibernation (safe; 10% risk of failure)
Press: ? - help, Shift-Dir - straight line, f - ogre
Aim: an ogre, wielding a +0 giant club (chance to affect: 45%)
The ogre resists with some effort.
The ogre hits you with a +0 giant club!!
Ouch! That really hurt!
You die...
Fedhas appreciates your contribution to the ecosystem.

####.#.#######.#......
.........######.#.#####
####..#...........#
........######.####### #
###..#.#.####.<.......
#.###.##.#†..###.##..###
#...............## .#
#................. #
..##.O@........##
.........(......#
#..##....#...##.# ..
.?........##.#
.##..#.##### # .. ...#.#
# ...O..# ..#.. ##


You could see 2 ogres.

Vanquished Creatures
  2 scorpions
  An orc priest (D:3)
  3 adders
  A white imp (D:3)
  2 worms
  2 dart slugs
  5 orcs (D:3)
  2 ball pythons
  8 bats
  3 endoplasms
  2 giant cockroaches
  4 goblins
  7 hobgoblins
  3 jackals
  6 kobolds
  2 quokkas (D:3)
  A frilled lizard (D:3)
  2 rats
56 creatures vanquished.

Vanquished Creatures (collateral kills)
  An orc (D:3)
1 creature vanquished.

Vanquished Creatures (others)
  5 fungi (D:2)
  4 plants (D:2)
9 creatures vanquished.

Grand Total: 66 creatures vanquished

Notes
Turn   | Place    | Note
-------+----------+-------------------------------------------
     0 | D:1      | warriortoast the Spriggan Enchanter began the quest for the
                  | Orb.
     0 | D:1      | Reached XP level 1. HP: 9/9 MP: 5/5
   408 | D:1      | Reached XP level 2. HP: 11/13 MP: 6/6
   411 | D:1      | Learned a level 2 spell: Ensorcelled Hibernation
   865 | D:2      | Identified the ring of Cieczoc {rF- rC+ AC+4 Dex+5}
  1006 | D:2      | Found a blossoming altar of Fedhas.
  1022 | D:2      | Became a worshipper of Fedhas Madash
  1209 | D:2      | Found a faded altar of an unknown god.
  1279 | D:2      | Reached XP level 3. HP: 16/16 MP: 8/8
  1289 | D:2      | Noticed a scorpion
  1365 | D:2      | Killed a scorpion
  1366 | D:2      | Reached skill level 5 in Stealth
  1366 | D:2      | Reached XP level 4. HP: 21/21 MP: 7/10
  1370 | D:2      | Learned a level 3 spell: Confusing Touch
  1374 | D:2      | Learned a level 3 spell: Tukima's Dance
  2536 | D:3      | Reached XP level 5. HP: 24/24 MP: 8/11
  2996 | D:3      | Reached * piety under Fedhas
  3508 | D:4      | Noticed an ogre
  3512 | D:4      | Reached skill level 6 in Stealth
  3537 | D:4      | Noticed an ogre
  3538 | D:4      | Mangled by an ogre

Illustrated notes

Levels and vault maps discovered:
D:1:      dpeg_arrival_tiny_a, layout_basic
D:2:      layout_basic, basic_altar, shapermc_ecumenical_altar_mp_urbaneastern
D:3:      minmay_octagon_keep, layout_basic
D:4:      minmay_angry_zag, layout_loops_ring, mainiacjoe_overflow_cross_hatched

Skill      XL: |  1  2  3  4  5 |
---------------+----------------+-----
Dodging        | 3 4 |  4.4
Spellcasting   | 3 4 |  4.1
Hexes          | 4 |  4.8
Short Blades   | 2 |  2.9
Stealth        | 5 6 |  6.1

Action                   |  1- 3 |  4- 6 || total
-------------------------+-------+-------++-------
Melee: Dagger            |    40 |    66 ||   106
       Punch             |     1 |     2 ||     3
 Fire: Sling             |    26 |       ||    26
 Cast: Ensorcelled Hiber |     7 |    25 ||    32
       Tukima's Dance    |       |     2 ||     2
       Confusing Touch   |       |     2 ||     2
 Stab: Sleeping          |     9 |    25 ||    34
Armor: Robe              |     8 |    15 ||    23
Dodge: Dodged            |    28 |    60 ||    88
